 Dungeon Crawl Stone Soup version 0.31.0-11-ge490571c62 (webtiles) character file.

Game seed: 2981425947146664956

10297 Arctor the Thaumaturge (level 11, -2/54 HPs)
             Began as a Deep Elf Fire Elementalist on Feb 1, 2024.
             Was an Elder of Vehumet.
             Slain by a boulder beetle (8 damage)
             ... on level 11 of the Dungeon.
             The game lasted 00:19:36 (13802 turns).

Arctor the Thaumaturge (DEFE)                      Turns: 13802, Time: 00:19:37

Health: -2/54      AC:  6    Str:  3    XL:     11   Next: 34%
Magic:  10/27      EV: 20    Int: 25    God:    Vehumet [****..]
Gold:   624        SH:  5    Dex: 25    Spells: 12/30 levels left

rFire   + . .        s - +7 whip "Killer Klown's Foe" {freeze, ^Contam rPois Dex+7 Stlth+}
rCold   . . .        q - orb {mayhem}
rNeg    . . .        I - +0 robe of Ignis's Condemnation {rElec Dex-3 Stlth+ Archmagi}
rPois   +            u - +2 hat
rElec   +            (no cloak)
rCorr   .            C - +1 pair of gloves
SInv    .            (no boots)
Will    +....        e - amulet of reflection
Stlth   ++++++       o - +6 ring of dexterity
HPRegen 0.29/turn    v - ring of protection from fire
MPRegen 0.20/turn

%: mayhem, reflection, archmagi
@: mighty
A: weak 1, subdued magic 1, MP-powered wands
a: Renounce Religion


You were on level 11 of the Dungeon.
You worshipped Vehumet.
Vehumet was greatly pleased with you.
You visited 2 branches of the dungeon, and saw 12 of its levels.

You collected 624 gold pieces.

Inventory:

Hand Weapons
 c - a +0 dagger of venom
 s - the +7 whip "Killer Klown's Foe" (weapon) {freeze, ^Contam rPois Dex+7 Stlth+}
   (You found it on level 5 of the Dungeon)

   Dex+7:     It affects your dexterity (+7).
   rPois:     It protects you from poison ^Contam: It causes magical
   contamination when unequipped.
   Stlth+:    It makes you more stealthy.
 x - the +5 sling "Jeczih" {elec, *Corrode rPois rC+ Will++}
   (You found it on level 5 of the Dungeon)

   rC+:       It protects you from cold.
   rPois:     It protects you from poison Will++: It greatly increases your
   willpower.
   *Corrode:  It may corrode you when you take damage.
Missiles
 p - 5 throwing nets
Armour
 d - a +2 hat
 q - an orb of mayhem (worn)
 u - a +2 hat (worn)
 C - a +1 pair of gloves (worn)
 F - the +1 robe of the Shishi {Will+ Dex+3}
   (You found it on level 9 of the Dungeon)

   Dex+3:     It affects your dexterity (+3).
   Will+:     It increases your willpower.
 I - the +0 robe of Ignis's Condemnation (worn) {rElec Dex-3 Stlth+ Archmagi}
   (You found it on level 10 of the Dungeon)

   Dex-3:     It affects your dexterity (-3).
   rElec:     It insulates you from electricity.
   Stlth+:    It makes you more stealthy.
   Archmagi:  It increases the power of your magical spells.
Jewellery
 e - an amulet of reflection (around neck)
 o - a +6 ring of dexterity (left hand)
 v - a ring of protection from fire (right hand)
 y - a ring of protection from fire
 D - a +6 ring of strength
Wands
 a - a wand of paralysis (3)
 m - a wand of flame (27)
 z - a wand of mindburst (10)
 G - a wand of polymorph (7)
 J - a wand of iceblast (1)
Scrolls
 j - 5 scrolls of teleportation
 k - a scroll of enchant armour
 n - a scroll of brand weapon
 r - a scroll of vulnerability
 H - 5 scrolls of identify
Potions
 b - a potion of magic
 g - a potion of might
 h - 4 potions of curing {unknown}
 i - 4 potions of lignification {unknown}
 l - 6 potions of haste
 w - a potion of degeneration {unknown}
 A - 2 potions of brilliance {unknown}
 E - a potion of heal wounds {unknown}


   Skills:
 - Level 4.7 Maces & Flails
 - Level 9.3 Dodging
 - Level 7.4 Stealth
 - Level 10.3 Spellcasting
 * Level 9.7 Conjurations
 + Level 0.1 Summonings
 + Level 9.5 Fire Magic


You had 12 spell levels left.
You knew the following spells:

 Your Spells              Type           Power      Damage    Failure   Level
a - Foxfire               Conj/Fire      100%       2x1d9     1%          1
b - Scorch                Fire           100%       2d9       1%          2
c - Shock                 Conj/Air       100%       1d9       1%          1
d - Orb of Destruction    Conj           31%        9d10      17%         7
e - Spellforged Servitor  Conj/Summ      21%        N/A       73%         7

Your spell library contained the following spells:

 Spells                   Type           Power      Damage    Failure   Level
 Sticky Flame             Fire/Alch      42%        2d8       1%          4
 Sandblast                Erth           28%        2d8       1%          1
 Dazzling Flash           Conj/Hex       84%        N/A       1%          3
 Inner Flame              Hex/Fire       42%        N/A       1%          3
 Mephitic Cloud           Conj/Alch/Air  33%        N/A       1%          3
 Stone Arrow              Conj/Erth      84%        3d12      1%          3
 Volatile Blastmotes      Fire/Tloc      84%        2d17      1%          3
 Brom's Barrelling Bould  Conj/Erth      42%        2d6       1%          4
 Flame Wave               Conj/Fire      63%        2d15      1%          4
 Summon Blazeheart Golem  Fire/Summ      42%        N/A       5%          4
 Airstrike                Air            7%         2d(1-17)  11%         4
 Call Canine Familiar     Summ           15%        N/A       12%         3
 Fugue of the Fallen      Necr           14%        N/A       12%         3
 Ozocubu's Armour         Ice            14%        N/A       12%         3
 Passwall                 Erth           14%        N/A       12%         3
 Sigil of Binding         Hex            14%        N/A       12%         3
 Swiftness                Air            14%        N/A       12%         3
 Dimensional Bullseye     Hex/Tloc       7%         N/A       38%         4
 Manifold Assault         Tloc           14%        N/A       38%         4
 Curse of Agony           Necr           14%        N/A       77%         5
 Silence                  Hex/Air        7%         N/A       77%         5


Dungeon Overview and Level Annotations

Branches:
Dungeon (11/15)            Temple (1/1) D:4            Lair (0/5) D:11
    Orc: D:9-12

Altars:
Ashenzari
Cheibriados
Dithmenos
Elyvilon
Fedhas
Gozag
Hepliaklqana
Kikubaaqudgha
Makhleb
Nemelex Xobeh
Okawaru
Qazlal
Ru
Sif Muna
Trog
Uskayaw
Vehumet
Wu Jian
Xom
Yredelemnul
Zin
The Shining One

Shops:
D:1 ?   D:6 !


Innate Abilities, Weirdness & Mutations

You are weak. (Str -2)
Your spells are a little easier to cast, but a little less powerful.
You expend magic power (3 MP) to strengthen your wands.


Message History

The boulder beetle bites you!
Casting: Scorch (safe; 1% risk of failure)
Confirm with . or Enter, or press ? or * to list all spells.
You feel a surge of power!
Flames lash the boulder beetle.
The boulder beetle is burned terribly!
The boulder beetle is heavily wounded.
The boulder beetle completely misses you.
Casting: Scorch (safe; 1% risk of failure)
Confirm with . or Enter, or press ? or * to list all spells.
You feel a surge of power!
Flames lash the boulder beetle.
The boulder beetle is burned terribly!
The boulder beetle is severely wounded.
The boulder beetle bites you.
Casting: Scorch (safe; 1% risk of failure)
Confirm with . or Enter, or press ? or * to list all spells.
You feel a surge of power!
Flames lash the boulder beetle.
The boulder beetle is burned terribly!
The boulder beetle is severely wounded.
The boulder beetle bites you.
Casting: Scorch (safe; 1% risk of failure)
Confirm with . or Enter, or press ? or * to list all spells.
You feel a surge of power!
Flames lash the boulder beetle but do no damage.
The boulder beetle bites you!!
* * * LOW HITPOINT WARNING * * *
Casting: Scorch (safe; 1% risk of failure)
Confirm with . or Enter, or press ? or * to list all spells.
You don't know that spell.
Okay, then.
Okay, then.
Okay, then.
Okay, then.
Okay, then.
Casting: Scorch (safe; 1% risk of failure)
Confirm with . or Enter, or press ? or * to list all spells.
Okay, then.
It was a potion of might.
You feel very mighty all of a sudden. The boulder beetle bites you!
You die...

#.....# #.....#
.... #.....# ....
#.....# .....
#.....# ##))...
#.....# .).....
#.....####.......
#..............(.
#........@B......
#......#####.....
#......# ....###
#......# ....
#....# #......#
... #....#
#......# ..#
#....#
#......###.# .
#....#
#..........#
..##....##
##.........#
..........


You could see a boulder beetle (combustible).

Vanquished Creatures
  Gastronok (D:8)
  A cyclops (D:11)
  Maggie (D:6)
  A komodo dragon (D:11)
  3 trolls
  A hornet (D:10)
  Grinder (D:4)
  A spriggan (D:11)
  A vampire (D:10)
  Eustachio (D:5)
  12 yaks
  3 steam dragons
  Menkaure (D:6)
  Edmund (D:6)
  An acid dragon (D:9)
  3 water moccasins
  2 orc warriors (D:6)
  Duvessa (D:5)
  2 sky beasts
  An ice beast (D:7)
  2 black bears
  2 ogres
  5 centaurs
  3 phantoms
  3 kobold brigands
  Blork the orc (D:4)
  5 bullfrogs
  3 scorpions
  3 wights (D:7)
  Dowan (D:5)
  3 killer bees
  6 howler monkeys
  3 orc priests
  A bombardier beetle (D:6)
  3 hounds
  2 gnoll boudas
  3 iguanas
  6 orc wizards
  12 gnolls
  10 adders
  A shadow imp (D:7)
  2 white imps
  A ribbon worm (D:4)
  22 orcs
  6 ball pythons
  4 endoplasms
  3 giant cockroaches (D:1)
  6 goblins
  8 hobgoblins
  3 jackals (D:1)
  25 kobolds
  9 quokkas
  3 bats
  2 frilled lizards (D:2)
  A rat (D:2)
212 creatures vanquished.

Vanquished Creatures (collateral kills)
  A yak (D:9)
  A scorpion (D:11)
  2 orc priests
  3 orcs
  5 kobolds
  87 foxfires
99 creatures vanquished.

Vanquished Creatures (others)
  A yak (D:8)
  A bullfrog (D:11)
  An orc priest (D:10)
  An orc (D:6)
  2 kobolds (D:6)
  1335 foxfires
1341 creatures vanquished.

Grand Total: 1652 creatures vanquished

Notes
Turn   | Place    | Note
-------+----------+-------------------------------------------
     0 | D:1      | Arctor the Deep Elf Fire Elementalist began the quest for
                  | the Orb.
     0 | D:1      | Reached XP level 1. HP: 10/10 MP: 6/6
    90 | D:1      | Found Agiguani's Magic Scroll Boutique.
   112 | D:1      | Reached XP level 2. HP: 8/15 MP: 1/8
   774 | D:1      | Found a faded altar of an unknown god.
   818 | D:1      | Learned a level 2 spell: Scorch
  1023 | D:1      | Reached XP level 3. HP: 19/19 MP: 6/9
  2502 | D:3      | Reached XP level 4. HP: 24/24 MP: 6/11
  2932 | D:3      | Noticed a phantom
  2941 | D:3      | Killed a phantom
  2942 | D:3      | Reached skill level 4 in Spellcasting
  2942 | D:3      | Reached XP level 5. HP: 26/28 MP: 3/13
  3695 | D:4      | Found a staircase to the Ecumenical Temple.
  3714 | D:4      | Found a stormy altar of Qazlal.
  3723 | D:4      | Noticed Blork the orc
  3731 | D:4      | Killed Blork the orc
  3732 | D:4      | Reached XP level 6. HP: 32/32 MP: 5/15
  3858 | D:4      | Noticed Grinder
  3866 | D:4      | Killed Grinder
  3867 | D:4      | Reached skill level 5 in Spellcasting
  4140 | D:4      | Learned a level 1 spell: Shock
  4329 | D:4      | Reached XP level 7. HP: 36/36 MP: 7/16
  4337 | Temple   | Entered the Ecumenical Temple
  4361 | Temple   | Became a worshipper of Vehumet
  4614 | D:5      | Entered Level 5 of the Dungeon
  4627 | D:5      | Noticed Duvessa
  4627 | D:5      | Noticed Dowan
  4634 | D:5      | Killed Duvessa
  4635 | D:5      | Reached skill level 5 in Stealth
  4637 | D:5      | Killed Dowan
  4638 | D:5      | Reached skill level 5 in Fire Magic
  4640 | D:5      | Reached skill level 5 in Dodging
  4834 | D:5      | Identified the +5 sling "Jeczih" {elec, *Corrode rPois rC+
                  | Will++}
  4972 | D:5      | Found a blossoming altar of Fedhas.
  5012 | D:5      | Identified the +7 whip "Killer Klown's Foe" {freeze,
                  | ^Contam rPois Dex+7 Stlth+}
  5512 | D:5      | Noticed Eustachio
  5519 | D:5      | Killed Eustachio
  5520 | D:5      | Reached skill level 6 in Spellcasting
  5572 | D:5      | Reached skill level 1 in Maces & Flails
  5572 | D:5      | Reached XP level 8. HP: 41/41 MP: 13/19
  5908 | D:6      | Noticed Menkaure
  5914 | D:6      | Killed Menkaure
  6030 | D:6      | Found Ufokk's Distillery.
  6120 | D:6      | Noticed a troll
  6124 | D:6      | Killed a troll
  6125 | D:6      | Reached skill level 5 in Conjurations
  6360 | D:6      | Noticed Maggie
  6369 | D:6      | Reached skill level 7 in Spellcasting
  6376 | D:6      | Killed Maggie
  6377 | D:6      | Reached XP level 9. HP: 36/45 MP: 4/21
  6571 | D:6      | Found a bloodstained altar of Trog.
  6571 | D:6      | Found a glowing golden altar of the Shining One.
  6689 | D:6      | Noticed a troll
  6695 | D:6      | Killed a troll
  6903 | D:6      | Reached * piety under Vehumet
  6903 | D:6      | Offered knowledge of Sting by Vehumet.
  7476 | D:6      | Noticed Edmund
  7485 | D:6      | Killed Edmund
  7486 | D:6      | Reached skill level 8 in Spellcasting
  9562 | D:7      | Offered knowledge of Magic Dart by Vehumet.
  9565 | D:7      | Reached ** piety under Vehumet
  9980 | D:8      | Reached XP level 10. HP: 33/50 MP: 17/24
 10080 | D:8      | Found an ancient bone altar of Kikubaaqudgha.
 10221 | D:8      | Found an opulent altar of Gozag.
 10474 | D:8      | Found a shimmering blue altar of Sif Muna.
 10604 | D:8      | Noticed Gastronok
 10630 | D:8      | Killed Gastronok
 10631 | D:8      | Reached skill level 9 in Spellcasting
 10874 | D:8      | Gained mutation: Your spells are a little easier to cast,
                  | but a little less powerful. [potion of mutation]
 10874 | D:8      | Gained mutation: You expend magic power (3 MP) to
                  | strengthen your wands. [potion of mutation]
 10874 | D:8      | Gained mutation: You are weak. (Str -2) [potion of
                  | mutation]
 11273 | D:9      | Found a sparkling altar of Nemelex Xobeh.
 11663 | D:8      | Reached skill level 10 in Spellcasting
 11664 | D:8      | Offered knowledge of Momentum Strike by Vehumet.
 11883 | D:9      | Identified the +1 robe of the Shishi {Will+ Dex+3}
 12085 | D:10     | Entered Level 10 of the Dungeon
 12096 | D:10     | Reached *** piety under Vehumet
 12312 | D:10     | Paralysed by a hornet for 2 turns
 12316 | D:10     | Reached XP level 11. HP: 17/54 MP: 17/27
 12477 | D:10     | Identified the +0 robe of Ignis's Condemnation {rElec Dex-3
                  | Stlth+ Archmagi}
 12964 | D:11     | Offered knowledge of Sticky Flame by Vehumet.
 13129 | D:10     | Learned a level 7 spell: Orb of Destruction
 13232 | D:11     | Found a faded altar of an unknown god.
 13232 | D:11     | Noticed a skeletal warrior
 13276 | D:11     | Found a staircase to the Lair.
 13676 | D:11     | Noticed a boulder beetle
 13710 | D:10     | Learned a level 7 spell: Spellforged Servitor
 13769 | D:11     | Reached **** piety under Vehumet
 13802 | D:11     | Slain by a boulder beetle

Illustrated notes

Levels and vault maps discovered:
D:1:      wander_arrival_fairy_ring, layout_rooms, serial_shops, shop,
          dreamdust_ecumenical_altar_grove
D:2:      layout_rooms, minmay_increasing_density
D:3:      layout_basic, serial_forest, infiniplex_forest_zigzag_1,
          infiniplex_forest_zigzag_2, infiniplex_forest_lined_corner,
          infiniplex_forest_clump_diagonal, infiniplex_forest_lined_room_2,
          infiniplex_forest_lined_corner, infiniplex_forest_clump_small,
          solitary_fountain, nicolae_half_adder
D:4:      layout_cave_pools, nicolae_qazlal_general_emergency,
          minmay_temple_entry_crystal_x, uniq_grinder, uniq_blork_the_orc
D:5:      layout_gridville, mainiacjoe_overflow_boulevard, serial_rivers,
          chequers_serial_rivers_room_a, chequers_serial_rivers_large_a,
          chequers_serial_rivers_micro_d, chequers_serial_rivers_room_b,
          chequers_serial_rivers_micro_c, uniq_eustachio, uniq_duvessa
D:6:      kennysheep_kobold_camp, layout_layer_cave,
          mainiacjoe_overflow_large_starburst, serial_shops, shop_statue,
          uniq_menkaure, uniq_edmund, uniq_maggie
D:7:      layout_loops_ring, enter_bailey_3, small_statue_intersection
D:8:      layout_rooms, mainiacjoe_overflow_alcove_2, lemuel_tele_altar,
          marbit_many_paths, uniq_gastronok
D:9:      layout_rooms, amcnicky_altar_gilded
D:10:     layout_rooms, eino_tiny_chamber
D:11:     layout_irregular_city, due_lair_maze_entry_diamond, erik_orc_1,
          nicolae_custom_books, hex_medium, beargit_hepliaklqana_dungeon_heroes
Temple:   jpeg_temple_clearing

Skill      XL: |  1  2  3  4  5  6  7  8  9 10 11 |
---------------+----------------------------------+-----
Stealth        | 3 4 5 7 |  7.4
Dodging        | 3 4 5 6 7 9 |  9.3
Conjurations   | 2 3 4 5 6 8 9 |  9.7
Spellcasting   | 4 5 6 7 8 10 | 10.3
Fire Magic     | 4 5 6 7 8 9 |  9.5
Maces & Flails | 1 2 3 4 |  4.7
Summonings     | |  0.1

Action                     |  1- 3 |  4- 6 |  7- 9 | 10-12 || total
---------------------------+-------+-------+-------+-------++-------
  Melee: Unarmed           |    18 |     1 |       |       ||    19
         Whip              |       |       |     5 |     7 ||    12
   Cast: Foxfire           |   153 |   110 |   354 |   227 ||   844
         Scorch            |       |     7 |    47 |   127 ||   181
         Shock             |       |       |       |     4 ||     4
    Use: Scroll            |       |       |     7 |     5 ||    12
         Potion            |       |       |     1 |     3 ||     4
 Armour: Robe              |    37 |     2 |    18 |    37 ||    94
         Steam dragon scal |       |       |    14 |    38 ||    52
  Dodge: Dodged            |    47 |     2 |    61 |   136 ||   246
  Block: Other             |     4 |     1 |       |       ||     5
